[Event "Team 45 45 League T36"]
[Site "Internet Chess Club"]
[Date "2008.02.04"]
[Round "2"]
[White "Ser-Enigma"]
[Black "fledermaus"]
[Result "1-0"]
[WhiteElo "2079"]
[BlackElo "1912"]
[Opening "QGD: classical variation (5.Bf4)"]
[ECO "D37"]
[Time "13:18:06"]
[TimeControl "2700+45"]

1. d4 d5 2. c4 e6 3. Nf3 Nf6 4. Nc3 Be7 5. Bf4 O-O 6. e3 c5 7. dxc5 Bxc5 8. a3
a6 9. b4 Ba7 10. cxd5 exd5 11. Bd3 Be6 12. Rc1 Nc6 13. Na4 Ne4 14. O-O Rc8 15.
Nc5 Bxc5 16. bxc5 Qa5 17. Bxe4 dxe4 18. Ng5 Bf5 19. Qd5 Bg6 20. Nxe4 Bxe4 21.
Qxe4 Qxa3 22. Bd6 Rfd8 23. Qf4 Na7 24. Qg3 Qd3 25. Rcd1 Qg6 26. Qf3 Rd7 27. Rd4
f6 28. Qh3 Rcd8 29. Rg4 Qf7 30. Rh4 g6 31. e4 Nc6 32. f4 Re8 33. e5 fxe5 34.
fxe5 Qe6 35. Rf8+ Rxf8 36. Qxe6+ Rdf7 37. Bxf8 {Black resigns} 1-0

[Event "Team 45 45 League T36"]
[Site "Internet Chess Club"]
[Date "2008.02.01"]
[Round "2"]
[White "kingcapture"]
[Black "Goji"]
[Result "1-0"]
[WhiteElo "2238"]
[BlackElo "2186"]
[Opening "Robatsch defense"]
[ECO "B06"]
[Time "20:04:41"]
[TimeControl "2700+45"]

1. e4 g6 2. d4 Bg7 3. Nc3 a6 4. a4 b6 5. f4 e6 6. Nf3 Bb7 7. Bd3 Nc6 8. Be3 Nf6
9. O-O Ng4 10. Qe2 Nxe3 11. Qxe3 Nb4 12. Rad1 Nxd3 13. Rxd3 O-O 14. e5 d5 15. g4
a5 16. Rf2 Rc8 17. Nb5 Ba6 18. Rc3 Qd7 19. f5 exf5 20. gxf5 Qxf5 21. Na7 Rcd8
22. Nc6 Rd7 23. Qd2 Qg4+ 24. Rg2 Qh5 25. Qf2 Bh6 26. Kh1 Bb7 27. Ng1 Bg7 28. Rh3
Qd1 29. Qh4 h5 30. Ne7+ Kh7 31. Nf5 Qf1 32. Qxh5+ {Black resigns} 1-0

[Event "Team 45 45 League T36"]
[Site "Internet Chess Club"]
[Date "2008.01.31"]
[Round "2"]
[White "thunderchicken"]
[Black "LeSacAttack"]
[Result "1/2-1/2"]
[WhiteElo "2098"]
[BlackElo "2208"]
[Opening "QGD: Albin counter-gambit, Alapin variation"]
[ECO "D08"]
[Time "12:59:43"]
[TimeControl "2700+45"]

1. d4 d5 2. c4 e5 3. dxe5 d4 4. Nf3 Nc6 5. Nbd2 Nge7 6. g3 Ng6 7. Bg2 Ngxe5 8.
O-O Be7 9. e3 dxe3 10. fxe3 O-O 11. b3 Qd3 12. Re1 Ng4 13. Nf1 Qg6 14. Bb2 Nb4
15. Re2 Nd3 16. Bc3 Rd8 17. Rd2 c6 18. Nd4 Nge5 19. Qc2 h5 20. h3 h4 21. g4 c5
22. Nf3 Nxg4 23. Rad1 Ngf2 24. Ne5 Qg5 25. Nf3 Qg6 26. Ne5 Qg5 {Game drawn by
mutual agreement} 1/2-1/2

[Event "Team 45 45 League T36"]
[Site "Internet Chess Club"]
[Date "2008.02.01"]
[Round "2"]
[White "izit"]
[Black "Maurycy"]
[Result "0-1"]
[WhiteElo "2197"]
[BlackElo "1791"]
[Opening "French: advance, Nimzovich variation"]
[ECO "C02"]
[Time "15:37:01"]
[TimeControl "2700+45"]

1. e4 e6 2. d4 d5 3. e5 c5 4. Qg4 cxd4 5. Nf3 Nc6 6. Bd3 Bd7 7. O-O Nb4 8. Nxd4
Nxd3 9. cxd3 Qb6 10. Nf3 Rc8 11. Nc3 Ne7 12. Ne2 Nf5 13. Ned4 Nxd4 14. Nxd4 h5
15. Qf4 g5 16. Qe3 Bc5 17. Qxg5 Bxd4 18. Qg7 Rf8 19. Bh6 Bc5 20. Qh7 Qxb2 21.
Bxf8 Bxf8 22. Qxh5 Qd4 23. Rfd1 Rc2 24. Qf3 Bc5 25. Rf1 Rxf2 26. Qxf2 Qc3 {White
resigns} 0-1

[Event "Team 45 45 League T36"]
[Site "Internet Chess Club"]
[Date "2008.02.02"]
[Round "2"]
[White "Turlock"]
[Black "therealwizard"]
[Result "0-1"]
[WhiteElo "1708"]
[BlackElo "2136"]
[Opening "Scotch game"]
[ECO "C45"]
[Time "10:00:48"]
[TimeControl "2700+45"]

1. e4 e5 2. Nf3 Nc6 3. d4 exd4 4. Nxd4 Bc5 5. Be3 Qf6 6. c3 Nge7 7. Bc4 Ne5 8.
Be2 Qg6 9. O-O d6 10. f3 O-O 11. Nd2 d5 12. Kh1 dxe4 13. fxe4 Ng4 14. Bf4 Bd6
15. Bxg4 Bxg4 16. Qe1 Bxf4 17. Rxf4 Rae8 18. Qh4 Bc8 19. Nc4 Qa6 20. Nf5 Ng6 21.
Nce3 Nxh4 {White resigns} 0-1

[Event "Team 45 45 League T36"]
[Site "Internet Chess Club"]
[Date "2008.02.04"]
[Round "2"]
[White "pestka"]
[Black "f5"]
[Result "1-0"]
[WhiteElo "2263"]
[BlackElo "2323"]
[Opening "Dutch defense"]
[ECO "A87"]
[Time "15:13:55"]
[TimeControl "2700+45"]

1. d4 f5 2. g3 Nf6 3. Bg2 g6 4. Nf3 Bg7 5. O-O d6 6. c4 O-O 7. Nc3 Qe8 8. d5 Na6
9. Be3 c5 10. Qd2 Ng4 11. Bf4 Nc7 12. a4 b6 13. Rae1 Bd7 14. e4 Ne5 15. Bxe5
dxe5 16. exf5 Rxf5 17. Nh4 Rf6 18. Ne4 Bxa4 19. b3 Bxb3 20. d6 Ne6 21. Nxf6+
exf6 22. d7 Qd8 23. Qd5 Kf7 24. Qxa8 Qxa8 25. Bxa8 Ke7 26. Ra1 a5 27. Rfb1 a4
28. Bc6 Nd4 29. Rxa4 {Black resigns} 1-0

[Event "Team 45 45 League T36"]
[Site "Internet Chess Club"]
[Date "2008.02.03"]
[Round "2"]
[White "Zkid"]
[Black "Chessrascal"]
[Result "1-0"]
[WhiteElo "2254"]
[BlackElo "2114"]
[Opening "Sicilian: dragon, Yugoslav attack, 9...Bd7"]
[ECO "B77"]
[Time "15:31:55"]
[TimeControl "2700+45"]

1. e4 c5 2. Nf3 d6 3. d4 cxd4 4. Nxd4 Nf6 5. Nc3 g6 6. Be3 Bg7 7. f3 O-O 8. Qd2
Nc6 9. Bc4 Bd7 10. Nxc6 Bxc6 11. O-O a6 12. a4 Rc8 13. Bb3 Nd7 14. Bd4 Bxd4+ 15.
Qxd4 Nc5 16. Bd5 Bxd5 17. Nxd5 Ne6 18. Qd2 Rc6 19. Ra3 Re8 20. f4 Qc8 21. Rf2
Nc5 22. Re3 Nxa4 23. f5 Nb6 24. Rh3 h5 25. fxg6 fxg6 26. Qh6 Qg4 27. Nxe7+ Rxe7
28. Rf8# {Black checkmated} 1-0

[Event "Team 45 45 League T36"]
[Site "Internet Chess Club"]
[Date "2008.02.02"]
[Round "2"]
[White "Thor5581"]
[Black "palito"]
[Result "0-1"]
[WhiteElo "2009"]
[BlackElo "2135"]
[Opening "Sicilian: Alapin's variation (2.c3)"]
[ECO "B22"]
[Time "09:00:00"]
[TimeControl "2700+45"]

1. e4 c5 2. c3 g6 3. Nf3 Bg7 4. d4 cxd4 5. cxd4 d5 6. e5 Nc6 7. Nc3 Nh6 8. Bf4
Bg4 9. Be2 Nf5 10. Qd2 O-O 11. O-O e6 12. Ng5 Bxe2 13. Nxe2 Qb6 14. Nf3 f6 15.
exf6 Bxf6 16. Be5 Nxe5 17. Nxe5 Bxe5 18. dxe5 Rac8 19. Rac1 Rc6 20. Rxc6 bxc6
21. b3 c5 22. g4 Nh4 23. f4 d4 24. Rf2 Qc6 25. Qd3 Qd5 26. Qg3 Qd8 27. Nc1 g5
28. Nd3 Qd5 29. f5 c4 30. bxc4 Qxc4 31. f6 Rb8 32. Rf1 Qxa2 33. f7+ Kf8 34. Nc5
Qd5 35. Qa3 Qg2# {White checkmated} 0-1

My mistake 1/2:1/2 should read =:=

[Event "Team 45 45 League T36"]
[Site "Internet Chess Club"]
[Date "2008.02.03"]
[Round "2"]
[White "Gokhtra"]
[Black "reb"]
[Result "0-1"]
[WhiteElo "2230"]
[BlackElo "2240"]
[Opening "Sicilian: Richter-Rauzer, Rauzer attack, 7...a6 defense, 8...Bd7"]
[ECO "B67"]
[Time "16:57:36"]
[TimeControl "2700+45"]

1. e4 c5 2. Nf3 d6 3. d4 cxd4 4. Nxd4 Nf6 5. Nc3 Nc6 6. Bg5 e6 7. Qd2 a6 8.
O-O-O Bd7 9. f3 Rc8 10. Kb1 Be7 11. g4 h5 12. gxh5 Nxh5 13. Bxe7 Qxe7 14. Nb3
Ng3 15. Rg1 Nxf1 16. Rgxf1 g5 17. Rf2 Ne5 18. Qxd6 Qxd6 19. Rxd6 Rh3 20. Nd2 Ke7
21. Rb6 Bc6 22. Nd1 Rch8 23. Ne3 Rxh2 24. Rxh2 Rxh2 25. Nef1 Rh1 26. Rb3 Bb5 27.
c4 Bxc4 28. Rxb7+ Kf6 29. Rb6 Bxf1 30. Nxf1 Rxf1+ 31. Kc2 Rf2+ 32. Kc3 Rxf3+ 33.
Kb4 g4 34. Rxa6 g3 35. Ra8 g2 36. Rg8 Ng6 37. a4 g1=Q {White resigns} 0-1

[Event "Team 45 45 League T36"]
[Site "Internet Chess Club"]
[Date "2008.02.01"]
[Round "2"]
[White "bbentrup"]
[Black "tini3blas"]
[Result "0-1"]
[WhiteElo "2105"]
[BlackElo "2153"]
[Opening "KGA: bishop's gambit"]
[ECO "C33"]
[Time "22:04:09"]
[TimeControl "2700+45"]

1. e4 e5 2. f4 exf4 3. Bc4 Qh4+ 4. Kf1 Nf6 5. Nf3 Qh6 6. Nc3 d6 7. d4 c6 8. e5
Ng4 9. Qe2 d5 10. Bxd5 cxd5 11. Nxd5 Qc6 12. Nxf4 Nh6 13. Be3 Nf5 14. Bf2 Be7
15. g4 Nh6 16. h3 Be6 17. b3 O-O 18. c4 Bc8 19. d5 Qd7 20. Kg2 Na6 21. Rhe1 b6
22. Rad1 Bb4 23. Rf1 Re8 24. Qc2 Qc7 25. Bd4 f6 26. Nh5 Nxg4 27. exf6 Ne3+ 28.
Bxe3 Rxe3 29. Ng5 gxf6 30. Rxf6 Re5 31. Rg6+ Kh8 32. Qf2 Bf5 33. Rg7 Rg8 34.
Rxc7 Rxg5+ 35. Ng3 Nxc7 36. d6 Ne6 37. d7 Be7 38. h4 Rg4 39. Qb2 Be4+ 40. Kh3
Rxh4# {White checkmated} 0-1

[Event "Team 45 45 League T36"]
[Site "Internet Chess Club"]
[Date "2008.02.01"]
[Round "2"]
[White "alegro"]
[Black "Fidius"]
[Result "1-0"]
[WhiteElo "2145"]
[BlackElo "2047"]
[Opening "Scandinavian defense, Lasker variation"]
[ECO "B01"]
[Time "22:15:00"]
[TimeControl "2700+45"]

1. e4 d5 2. exd5 Nf6 3. d4 Qxd5 4. Nc3 Qa5 5. Nf3 Bg4 6. h3 Bh5 7. g4 Bg6 8. Bd2
e6 9. Ne5 c6 10. Bc4 Qd8 11. Qe2 Be7 12. O-O-O Nbd7 13. f4 Nd5 14. f5 exf5 15.
Nxd5 cxd5 16. Bb5 O-O 17. Bxd7 fxg4 18. hxg4 Be4 19. Rh2 Bd6 20. Bf5 Bxf5 21.
gxf5 f6 22. Qh5 fxe5 23. Qxh7+ Kf7 24. Qg6+ Kg8 25. Rdh1 {Black resigns} 1-0

[Event "Team 45 45 League T36"]
[Site "Internet Chess Club"]
[Date "2008.02.01"]
[Round "2"]
[White "GambitBandit"]
[Black "tutegri"]
[Result "1-0"]
[WhiteElo "2086"]
[BlackElo "2087"]
[Opening "Pirc: classical (two knights) system"]
[ECO "A48"]
[Time "22:13:59"]
[TimeControl "2700+45"]

1. d4 Nf6 2. Nf3 g6 3. Nc3 Bg7 4. e4 d6 5. Be3 O-O 6. Qd2 Ng4 7. Bg5 f6 8. Bh4
Bh6 9. Qd3 Bg7 10. h3 Nh6 11. Be2 Kh8 12. O-O Nc6 13. a3 g5 14. Bg3 e5 15. d5
Ne7 16. Qc4 Ng6 17. Rad1 Nf4 18. Bxf4 gxf4 19. Nb5 Rf7 20. Rfe1 a6 21. Nc3 Qg8
22. Nd2 Bf8 23. Kh1 Rg7 24. Rg1 Bd7 25. a4 Rc8 26. Qb3 Rg6 27. Qxb7 Ng4 28. Rdf1
Nxf2+ 29. Rxf2 Bxh3 30. Nf3 Bd7 31. Rd1 Rh6+ 32. Kg1 Qg3 33. Qxa6 Bg4 34. Qd3
Be7 35. a5 Rg8 36. a6 Bh3 37. Bf1 Bg4 38. Ne2 Bxf3 39. Nxg3 Bxd1 40. Nf5 {Black
resigns} 1-0

[Event "Team 45 45 League T36"]
[Site "Internet Chess Club"]
[Date "2008.02.02"]
[Round "2"]
[White "Duguesclin"]
[Black "parrot9"]
[Result "0-1"]
[WhiteElo "1556"]
[BlackElo "1668"]
[Opening "QGD Slav defense"]
[ECO "D10"]
[Time "09:33:39"]
[TimeControl "2700+45"]

1. d4 d5 2. c4 c6 3. Nc3 Nf6 4. Bf4 dxc4 5. e4 b5 6. a4 b4 7. Na2 Nxe4 8. Bxc4
e6 9. Ne2 Be7 10. O-O O-O 11. f3 Nf6 12. Qb3 a5 13. Rad1 Qb6 14. Kh1 Nd5 15.
Bxd5 cxd5 16. Nac3 Ba6 17. Rfe1 Bc4 18. Nxd5 Bxd5 19. Qd3 Nd7 20. b3 Nf6 21. Bg5
Rac8 22. Nf4 Rc3 23. Qd2 Bxb3 24. Rb1 Rfc8 25. Rxb3 Rxb3 26. d5 Nxd5 27. Nxd5
Bxg5 28. Qxg5 exd5 29. Qxd5 Rbc3 30. h4 Qc7 31. Re5 Rc1+ 32. Kh2 Rc5 {White
resigns} 0-1

[Event "Team 45 45 League T36"]
[Site "Internet Chess Club"]
[Date "2008.02.04"]
[Round "2"]
[White "Mikey29a"]
[Black "clarinetref"]
[Result "1-0"]
[WhiteElo "1655"]
[BlackElo "1671"]
[Opening "Sicilian defense"]
[ECO "B34"]
[Time "22:04:26"]
[TimeControl "2700+45"]

1. e4 c5 2. Nf3 Nc6 3. d4 cxd4 4. Nxd4 g6 5. Nb3 a6 6. Nc3 Bg7 7. Be3 Nf6 8. Qd2
Ng4 9. Bg5 h6 10. Bh4 d6 11. f3 Nf6 12. O-O-O Be6 13. g4 g5 14. Bf2 Ne5 15. Be2
Bxb3 16. axb3 b5 17. h4 gxh4 18. Rxh4 Ng6 19. Rh2 Qc7 20. Rdh1 Ng8 21. Nd5 Qb7
22. Qa5 Rc8 23. Bb6 Be5 24. Rh3 Nf4 25. Nxf4 Bxf4+ 26. Kb1 Qc6 27. Qxa6 Qxc2+
28. Ka2 Nf6 29. Bd3 Qxb2+ 30. Kxb2 O-O 31. Qxb5 Be5+ 32. Kb1 Ra8 33. Rxh6 Ra1+
34. Kc2 Rc8+ 35. Bc4 Rxh1 36. Rxh1 e6 37. g5 Nh7 38. Qd7 Ra8 39. g6 {Black
resigns} 1-0

[Event "Team 45 45 League T36"]
[Site "Internet Chess Club"]
[Date "2008.02.04"]
[Round "2"]
[White "Klondike"]
[Black "Invicta-Knight"]
[Result "1-0"]
[WhiteElo "1464"]
[BlackElo "1498"]
[Opening "Scandinavian: Icelandic gambit"]
[ECO "B01"]
[Time "15:05:42"]
[TimeControl "2700+45"]

1. e4 d5 2. exd5 Nf6 3. c4 e6 4. dxe6 Bxe6 5. Nf3 Nc6 6. Be2 Bc5 7. Nc3 Nd4 8.
O-O O-O 9. b3 Re8 10. Bb2 Qe7 11. d3 a6 12. Qd2 Rad8 13. Nxd4 Bxd4 14. Nd1 Bc5
15. Qf4 Bd6 16. Qd2 Bf5 17. Nc3 Bb4 18. Rfe1 Qd7 19. Rad1 Ne4 20. Qc2 Nc5 21. a3
Bxc3 22. Qxc3 f6 23. d4 Ne4 24. Qf3 Ng5 25. Qf4 Re4 26. Qd2 c5 27. d5 b5 28. Bd3
Rxe1+ 29. Rxe1 Bxd3 30. Qxd3 bxc4 31. bxc4 Nf7 32. Qe3 Qc8 33. Qg3 Rd6 34. h3 h6
35. Qd3 Qb8 36. Kf1 Rb6 37. Ba1 Rb3 38. Re8+ Qxe8 39. Qxb3 Qc8 40. Bc3 Nd6 41.
Bxf6 gxf6 42. Qg3+ Kf7 43. Qxd6 Kg6 44. Ke2 h5 45. Ke3 Qe8+ 46. Qe6 Qa4 47. Qe4+
f5 48. Qd3 Qe8+ 49. Kf3 Qd7 50. Kf4 Qd6+ 51. Kf3 Kg5 52. Qe3+ f4 53. Qe6 Qb8 54.
Qe7+ Kg6 55. Qxc5 Qb3+ 56. Kxf4 Qb8+ 57. d6 Qf8+ 58. Ke3 Qe8+ 59. Kd4 Qf8 60.
Kd5 Qa8+ 61. Qc6 Qg8+ 62. Kc5 Qf8 63. Qe4+ Kg7 64. Qe7+ Qxe7 65. dxe7 Kf7 66.
Kb6 Ke8 67. Kxa6 {Black resigns} 1-0

[Event "Team 45 45 League T36"]
[Site "Internet Chess Club"]
[Date "2008.02.04"]
[Round "2"]
[White "OldBoy"]
[Black "Aquaman"]
[Result "1-0"]
[WhiteElo "1571"]
[BlackElo "1403"]
[Opening "QP counter-gambit (elephant gambit)"]
[ECO "C40"]
[Time "13:59:30"]
[TimeControl "2700+45"]

1. e4 e5 2. Nf3 d5 3. d4 dxe4 4. Nxe5 Bd6 5. Qe2 Nf6 6. Bg5 O-O 7. Nd2 Be7 8. c3
Bf5 9. Bxf6 Bxf6 10. Nxe4 Bxe5 11. dxe5 Re8 12. f4 Qd5 13. Nd2 Nc6 14. Qc4 Qd7
15. O-O-O Rad8 16. Be2 Be6 17. Qa4 Qd5 18. Bc4 Qxg2 19. Bxe6 Rxe6 20. Ne4 Rxd1+
21. Rxd1 Re8 22. Qc2 Qxc2+ 23. Kxc2 Rd8 24. Rg1 Kf8 25. Rg3 h6 26. Nc5 b6 27.
Nd3 Ne7 28. Nb4 a5 29. Rd3 Ke8 30. Rxd8+ Kxd8 31. Nd3 Nd5 32. a3 Kd7 33. Kd2 c5
34. c4 Ne7 35. b4 Kc6 36. bxa5 bxa5 37. Ke3 g6 38. Nf2 Nf5+ 39. Kd3 h5 40. Ne4
Nd4 41. Ng5 Ne6 42. Ke4 Nxg5+ 43. fxg5 Kd7 44. Kd5 h4 45. Kxc5 Ke6 46. Kc6 Kxe5
47. c5 Ke6 48. Kc7 h3 49. c6 Kf5 50. Kb6 Kf4 51. c7 Kf3 52. c8=Q Kg2 53. Qb7+
Kxh2 54. Qxf7 Kg1 55. Qxg6 h2 56. Qh5 h1=Q 57. Qxh1+ Kxh1 58. g6 {Black resigns}
1-0

[Event "Team 45 45 League T36"]
[Site "Internet Chess Club"]
[Date "2008.02.04"]
[Round "2"]
[White "Creb"]
[Black "frankd"]
[Result "1-0"]
[WhiteElo "1762"]
[BlackElo "1648"]
[Opening "Pirc defense"]
[ECO "B07"]
[Time "19:01:24"]
[TimeControl "2700+45"]

1. e4 d6 2. d4 Nf6 3. Nc3 g6 4. f3 c6 5. Be3 Qc7 6. Bd3 b5 7. Qd2 a6 8. f4 Ng4
9. Nf3 Nxe3 10. Qxe3 Bg7 11. O-O Bg4 12. h3 Bxf3 13. Rxf3 Qb6 14. Ne2 Nd7 15. c3
O-O-O 16. Rff1 e5 17. Kh1 h5 18. Qc1 Rdf8 19. b4 Kb7 20. fxe5 dxe5 21. d5 cxd5
22. exd5 f5 23. a4 Nf6 24. axb5 Ng4 25. Rxa6 Qe3 26. Qxe3 Nxe3 27. Rc1 Nxd5 28.
Rxg6 Bh6 29. Rf1 Bd2 30. Rxf5 Rxf5 31. Bxf5 Nxc3 32. Nxc3 Bxc3 33. Be4+ Ka7 34.
Rg5 h4 35. Rg7+ Kb6 36. Rb7# {Black checkmated} 1-0

[Event "Team 45 45 League T36"]
[Site "Internet Chess Club"]
[Date "2008.02.04"]
[Round "2"]
[White "wango"]
[Black "GoIrish"]
[Result "1-0"]
[WhiteElo "1528"]
[BlackElo "1566"]
[Opening "Alekhine's defense: exchange variation"]
[ECO "B03"]
[Time "21:20:55"]
[TimeControl "2700+45"]

1. e4 Nf6 2. e5 Nd5 3. d4 d6 4. c4 Nb6 5. exd6 cxd6 6. Nc3 g6 7. Be3 Bg7 8. Rc1
O-O 9. b3 Nc6 10. d5 Ne5 11. Be2 e6 12. f4 Ned7 13. dxe6 fxe6 14. Nf3 Nf6 15.
O-O Ng4 16. Qd2 Nxe3 17. Qxe3 Qf6 18. Ne4 Qxf4 19. Qxf4 Rxf4 20. Nxd6 Bf8 21. c5
Nd5 22. g3 Rf6 23. Ng5 Rxf1+ 24. Rxf1 Ne3 25. Rf7 h6 26. Nh7 Bxd6 27. Rf3 Bxc5
28. Nf6+ Kh8 29. Kh1 Nf5 30. g4 Nd4 31. Rc3 b6 32. Bf1 Bb7+ 33. Bg2 Bxg2+ 34.
Kxg2 Kg7 35. Ne4 Ne2 36. Rc4 Nf4+ 37. Kg3 g5 38. b4 Bf8 39. Rc7+ Kh8 40. h4 Nd5
41. Rf7 Bxb4 42. hxg5 Rf8 43. Rxa7 Be1+ 44. Kh2 Ne3 45. Nf6 Nf1+ 46. Kg1 Rxf6
47. gxf6 Bb4 48. Kxf1 Kg8 49. Ke2 e5 50. Kd3 Bc5 51. Ke4 Bd4 52. Rb7 Kf8 53. a4
Ke8 54. Kd5 Kf8 55. Rh7 Ke8 56. Rxh6 Kf7 57. g5 Be3 58. Rh5 Bd4 59. Rh4 Bc3 60.
Re4 Kg6 61. Rxe5 {Black resigns} 1-0

[Event "Team 45 45 League T36"]
[Site "Internet Chess Club"]
[Date "2008.02.02"]
[Round "2"]
[White "scar99"]
[Black "seldredg"]
[Result "1-0"]
[WhiteElo "1487"]
[BlackElo "1308"]
[Opening "Scandinavian (center counter) defense"]
[ECO "B01"]
[Time "12:04:13"]
[TimeControl "2700+45"]

1. e4 d5 2. exd5 Qxd5 3. Nf3 Nf6 4. d4 a6 5. c4 Qd8 6. Be2 e6 7. Nc3 Bb4 8. O-O
Bxc3 9. bxc3 O-O 10. Bg5 h6 11. Bh4 g5 12. Bg3 Nh5 13. Qd2 Nxg3 14. fxg3 f6 15.
h4 c5 16. Qd3 Rf7 17. Qg6+ Rg7 18. Qxh6 Rh7 19. Qg6+ Rg7 20. Qe4 g4 21. Nd2 f5
22. Qe5 Nd7 23. Qxe6+ Kh8 24. Rxf5 Qg8 25. Qxg8+ Kxg8 26. Raf1 b6 27. R5f4 Bb7
28. Rxg4 Rf8 29. Rxg7+ Kxg7 30. Rxf8 Nxf8 31. Bf3 Bc8 32. a4 a5 33. d5 Bd7 34.
Bd1 Ng6 35. Kf2 Kf6 36. Ke3 Be8 37. Ne4+ Ke5 38. h5 Ne7 39. g4 Bf7 40. Bc2 Be8
41. Bd1 Ng8 42. g5 Kf5 43. Nd6+ Kxg5 44. Nxe8 Ne7 45. Ke4 {Black resigns} 1-0

[Event "Team 45 45 League T36"]
[Site "Internet Chess Club"]
[Date "2008.02.02"]
[Round "2"]
[White "PeteyDaddy"]
[Black "fredd"]
[Result "0-1"]
[WhiteElo "1133"]
[BlackElo "1566"]
[Opening "Réti: King's Indian attack (Barcza system)"]
[ECO "A07"]
[Time "22:03:55"]
[TimeControl "2700+45"]

1. Nf3 d5 2. g3 Nf6 3. Bg2 Bg4 4. O-O Nc6 5. d3 e6 6. Nbd2 Bd6 7. e4 e5 8. h3
Bd7 9. b3 Qc8 10. a4 Bxh3 11. Bxh3 Qxh3 12. Nh2 h5 13. Ndf3 Ng4 14. Nxg4 hxg4
15. Nh4 Be7 16. f3 Qxg3+ 17. Ng2 Bc5+ 18. Rf2 Qxf2# {White checkmated} 0-1

[Event "Team 45 45 League T36"]
[Site "Internet Chess Club"]
[Date "2008.02.04"]
[Round "2"]
[White "BHogan"]
[Black "allanchs"]
[Result "1-0"]
[WhiteElo "1619"]
[BlackElo "1522"]
[Opening "Catalan: closed, 7.Qc2"]
[ECO "E08"]
[Time "15:00:01"]
[TimeControl "2700+45"]

1. d4 d5 2. c4 e6 3. Nf3 Nf6 4. g3 Be7 5. Bg2 O-O 6. O-O Nbd7 7. Qc2 c5 8. cxd5
exd5 9. Nbd2 b6 10. Re1 Bb7 11. Nf1 Rc8 12. Qf5 cxd4 13. Nxd4 Bc5 14. Rd1 Re8
15. Ne3 Re5 16. Qd3 Qe8 17. Bf3 a6 18. Nec2 Ne4 19. Bg4 Nef6 20. Bf3 Ne4 21. Bf4
Re7 22. b4 Bxd4 23. Nxd4 Rc3 24. Qb1 Qc8 25. Nf5 Re6 26. Qb2 Ndf6 27. Rac1 Kh8
28. Nd4 Re8 29. Bxe4 Nxe4 30. f3 Rc4 31. fxe4 dxe4 32. Rxc4 Qxc4 33. Nf5 {Black
resigns} 1-0

[Event "Team 45 45 League T36"]
[Site "Internet Chess Club"]
[Date "2008.02.02"]
[Round "2"]
[White "crag"]
[Black "SATELLITE-DAN"]
[Result "0-1"]
[WhiteElo "1428"]
[BlackElo "1524"]
[Opening "Scotch game"]
[ECO "C45"]
[Time "18:52:57"]
[TimeControl "2700+45"]

1. e4 e5 2. Nf3 Nc6 3. d4 exd4 4. Nxd4 Bc5 5. Be3 Qf6 6. c3 Nge7 7. Bc4 Ne5 8.
Be2 O-O 9. O-O Qb6 10. b4 Bxd4 11. Bxd4 Qe6 12. Qb3 Qxb3 13. axb3 d6 14. Nd2 b6
15. Nf3 Bg4 16. Bxe5 dxe5 17. Rfe1 Ng6 18. h3 Be6 19. Bc4 Bxc4 20. bxc4 f6 21.
b5 Kf7 22. Rad1 Ke6 23. Rd5 Nf4 24. Rdd1 Rfd8 25. Kf1 Nd3 {White forfeits on
time} 0-1

[Event "Team 45 45 League T36"]
[Site "Internet Chess Club"]
[Date "2008.02.04"]
[Round "2"]
[White "nanning"]
[Black "Pickle"]
[Result "1-0"]
[WhiteElo "1615"]
[BlackElo "1360"]
[Opening "Ruy Lopez: Cozio defense"]
[ECO "C60"]
[Time "12:01:10"]
[TimeControl "2700+45"]

1. e4 e5 2. Nf3 Nc6 3. Bb5 Nge7 4. Nc3 a6 5. Ba4 b5 6. Bb3 Ng6 7. d4 Bb4 8. dxe5
Ngxe5 9. Nxe5 Nxe5 10. Qd5 Rb8 11. Qxe5+ Be7 12. Qxg7 Bf6 13. Qxf7# {Black
checkmated} 1-0

[Event "Team 45 45 League T36"]
[Site "Internet Chess Club"]
[Date "2008.02.02"]
[Round "2"]
[White "Jozin"]
[Black "Mustard"]
[Result "0-1"]
[WhiteElo "1672"]
[BlackElo "1825"]
[Opening "King's pawn game"]
[ECO "C50"]
[Time "09:59:56"]
[TimeControl "2700+45"]

1. e4 e5 2. Nf3 Nc6 3. Bc4 g6 4. O-O Bg7 5. c3 Nge7 6. d3 Na5 7. Bb3 O-O 8. Bc2
b5 9. Be3 d5 10. exd5 Nxd5 11. Bg5 Qd6 12. d4 Bg4 13. dxe5 Bxe5 14. h3 Bxf3 15.
Qxf3 Nc4 16. Be4 c6 17. Qe2 Rfe8 18. Qc2 f6 19. Bh6 Rad8 20. Bxg6 Re7 21. Be4 f5
22. Bxf5 Qxh6 23. Rd1 Qf4 24. g3 Qg5 25. Nd2 Nce3 26. Qd3 Bxg3 27. fxe3 Rxe3 28.
Bxh7+ Kh8 29. Qf5 Bh2+ 30. Kh1 Qg7 31. Bg6 Nf4 32. Qxf4 Bxf4 33. Rg1 Rxh3+ 34.
Kg2 Rg3+ {White resigns} 0-1

[Event "Team 45 45 League T36"]
[Site "Internet Chess Club"]
[Date "2008.02.05"]
[Round "2"]
[White "OOB1"]
[Black "twinders"]
[Result "0-1"]
[WhiteElo "1516"]
[BlackElo "1704"]
[Opening "Queen's pawn game"]
[ECO "E00"]
[Time "23:33:53"]
[TimeControl "2700+45"]

1. d4 Nf6 2. c4 e6 3. e4 Nxe4 4. Nf3 Bb4+ 5. Bd2 Nxd2 6. Nbxd2 O-O 7. a3 Bxd2+
8. Qxd2 Nc6 9. Bd3 h6 10. O-O d5 11. c5 Qf6 12. Rae1 Kh8 13. Bc2 b6 14. Qd3 g6
15. b4 bxc5 16. bxc5 a5 17. Ba4 Ba6 18. Bb5 Bxb5 19. Qxb5 Nxd4 20. Nxd4 Qxd4 21.
Rd1 Qc3 22. Ra1 Kg8 23. Rfc1 Qf6 24. Qd7 Qd8 25. c6 Qxd7 26. cxd7 Ra7 27. Rc5
Rd8 28. Rb1 Rxd7 29. Rb8+ Kg7 30. g3 d4 31. Kf1 d3 32. Ke1 d2+ 33. Kd1 Rd3 34.
Rc8 Rxa3 35. R8xc7 Rxc7 36. Rxc7 a4 37. Kxd2 Ra2+ 38. Rc2 Ra1 39. Kc3 a3 40. Kb3
a2 41. Rxa2 Rxa2 42. Kxa2 Kf6 43. Kb2 Ke5 44. Kc2 Ke4 45. Kd2 Kf3 46. Ke1 Kg2
47. h4 Kf3 48. Kf1 e5 49. Kg1 e4 50. Kf1 e3 51. fxe3 Kxg3 52. Ke2 Kxh4 53. Kf3
f5 54. Kf4 Kh5 55. Kg3 Kg5 56. Kf3 h5 57. Kg3 Kf6 58. Kh4 Ke5 59. Kg5 Ke4 60.
Kxg6 h4 {White resigns} 0-1

[Event "Team 45 45 League T36"]
[Site "Internet Chess Club"]
[Date "2008.02.01"]
[Round "2"]
[White "strudel"]
[Black "stpatzer"]
[Result "0-1"]
[WhiteElo "1478"]
[BlackElo "1419"]
[Opening "Sicilian: dragon, Yugoslav attack, 10.O-O-O"]
[ECO "B78"]
[Time "16:08:26"]
[TimeControl "2700+45"]

1. e4 c5 2. Nf3 d6 3. d4 cxd4 4. Nxd4 Nf6 5. Nc3 g6 6. f3 Bg7 7. Be3 O-O 8. Bc4
Bd7 9. Qd2 Nc6 10. O-O-O Rc8 11. Nxc6 Bxc6 12. Bb3 Qa5 13. Bh6 Rfd8 14. Bxg7
Kxg7 15. g4 h6 16. Kb1 Nh7 17. h4 e6 18. Rh3 g5 19. Ne2 Qxd2 20. Rxd2 d5 21. e5
Nf8 22. Nd4 Ng6 23. hxg5 hxg5 24. Re2 Nf4 25. Reh2 Nxh3 26. Rxh3 Rh8 27. Rxh8
Rxh8 28. a3 Rh1+ 29. Ka2 Re1 30. c3 Rxe5 31. Bc2 a6 32. a4 Be8 33. a5 f6 34. Ka3
Bg6 35. Bxg6 Kxg6 36. Nb3 f5 37. Nc5 d4 38. cxd4 Re3+ 39. Kb4 Rxf3 40. Nxe6 fxg4
41. d5 g3 42. d6 Rd3 43. Kc5 g2 {White resigns} 0-1

[Event "Team 45 45 League T36"]
[Site "Internet Chess Club"]
[Date "2008.02.03"]
[Round "2"]
[White "Mfalme"]
[Black "mrmarck"]
[Result "1-0"]
[WhiteElo "1290"]
[BlackElo "1338"]
[Opening "King's knight's gambit"]
[ECO "C34"]
[Time "07:54:40"]
[TimeControl "2700+45"]

1. e4 e5 2. f4 exf4 3. Nf3 Nc6 4. d4 d6 5. Bxf4 Bg4 6. Be2 f6 7. O-O Qd7 8. Qd3
O-O-O 9. Bd2 Nge7 10. Be3 d5 11. e5 Bf5 12. Qb3 Na5 13. Qc3 Nec6 14. Qd2 Nc4 15.
Bxc4 dxc4 16. c3 Kb8 17. exf6 gxf6 18. Nh4 Ne7 19. Nxf5 Nxf5 20. Bf2 Bh6 21. Qe2
Nd6 22. Na3 Rde8 23. Qf3 f5 24. Bg3 Re3 25. Qh5 Ne4 26. Be5 Bg7 27. Bxg7 Qxg7
28. Nxc4 Re2 29. Qxe2 {Black resigns} 1-0